 Dungeon Crawl Stone Soup version 0.31-a0-986-g5e6e4ef867 (webtiles) character file.

Game seed: 12028693458255144429

599 IdlyInterested the Trooper (level 7, -7/55 HPs)
             Began as a Demonspawn Gladiator on Nov 7, 2023.
             Mangled by a gnoll
             ... wielding a +0 halberd
              (10 damage)
             ... on level 5 of the Dungeon.
             The game lasted 00:10:54 (3471 turns).

IdlyInterested the Trooper (Demonspawn Gladiator)   Turns: 3471, Time: 00:10:55

Health: -7/55      AC: 12    Str: 23    XL:     7   Next: 17%
Magic:  2/2        EV: 12    Int:  9    God:
Gold:   176        SH:  0    Dex: 14    Spells: 6/6 levels left

rFire   . . .        b - +0 mace (antimagic)
rCold   . . .        (no shield)
rNeg    . . .        k - +0 chain mail
rPois   .            c - +0 helmet
rElec   .            m - +0 cloak
rCorr   .            g - +0 pair of gloves
SInv    .            (no boots)
Will    .....        (no amulet) Stlth
                     s - +6 ring of strength
HPRegen 0.29/turn    v - +4 ring of slaying
MPRegen 0.08/turn

%: no passive effects
@: lethally poisoned (-7 -> -11)
A: repulsion field 2, powered by death 3
a: no special abilities


You were on level 5 of the Dungeon.
You visited 1 branch of the dungeon, and saw 5 of its levels.

You collected 176 gold pieces.

Inventory:

Hand Weapons
 a - a +0 flail
 b - a +0 antimagic mace (weapon)
 r - a +0 quarterstaff
 t - a +3 flail of protection
Missiles
 d - 7 throwing nets
 e - a javelin
 f - 33 stones (quivered)
Armour
 c - a +0 helmet (worn)
 g - a +0 pair of gloves (worn)
 k - a +0 chain mail (worn)
 m - a +0 cloak (worn)
Jewellery
 j - a ring of wizardry
 s - a +6 ring of strength (left hand)
 v - a +4 ring of slaying (right hand)
Talismans
 u - a serpent talisman
Wands
 w - a wand of flame (23)
Scrolls
 i - 3 scrolls of identify
 l - 2 scrolls of fog
 q - a scroll of blinking
Potions
 h - a potion of lignification {unknown}
 n - a potion of brilliance
 o - a potion of heal wounds {unknown}
 p - a potion of haste {unknown}
 x - a potion of might {unknown}
 z - a potion of curing {unknown}


   Skills:
 + Level 4.8 Fighting
 - Level 4.0 Maces & Flails
 - Level 2.0 Throwing
 + Level 4.0 Armour
 - Level 3.0 Dodging
 - Level 2.0 Evocations


You had 6 spell levels left.
You didn't know any spells.
Your spell library contained the following spells:

 Spells                   Type           Power      Damage    Failure   Level
 Magic Dart               Conj           0%         1d3       94%         1
 Call Imp                 Summ           0%         N/A       98%         2
 Mephitic Cloud           Conj/Pois/Air  0%         N/A       100%        3
 Summon Guardian Golem    Hex/Summ       0%         N/A       100%        3
 Orb of Destruction       Conj           0%         9d5       100%        7
 Spellforged Servitor     Conj/Summ      0%         N/A       100%        7


Dungeon Overview and Level Annotations

Branches:
Dungeon (5/15)
 Temple: D:4-7

Altars:
Okawaru
Trog


Innate Abilities, Weirdness & Mutations

You are surrounded by a moderate repulsion field. (EV +3)
You regenerate a lot of health from kills.


Message History

The scorpion stings you.
You are poisoned.
The scorpion poisons you! The gnoll hits you but does no damage.
The gnoll closely misses you. The orc barely misses you.
The orc wizard hits you but does no damage.
The gnoll hits you with a +0 halberd. The gnoll closely misses you.
An orc comes into view. It is wielding a +0 mace of protection.
Training target 4.0 for Armour reached!
Your Armour skill increases to level 4!
You sock the orc wizard!
The orc wizard's magic leaks into the air.
The orc wizard is heavily wounded.
You feel very sick. The scorpion misses you.
The orc wizard hits you but does no damage.
The gnoll barely misses you. The gnoll closely misses you.
The orc hits you from afar with a +0 halberd.
* * * LOW HITPOINT WARNING * * *
The gnoll hits you from afar with a +0 halberd.
* * * LOW HITPOINT WARNING * * *
The gnoll hits you but does no damage.
You hit the orc wizard.
The orc wizard's magic leaks into the air.
The orc wizard is heavily wounded.
* * * LOW HITPOINT WARNING * * *
You feel sick.
The scorpion stings you but does no damage.
The gnoll hits you but does no damage. The gnoll misses you.
A gnoll comes into view. It is wielding a +0 spear.
The orc misses you. The gnoll hits you but does no damage.
The gnoll barely misses you.
The orc wizard hits you but does no damage.
The scorpion barely misses you.
You closely miss the orc wizard.
The orc wizard is heavily wounded.
* * * LOW HITPOINT WARNING * * *
You feel sick. The gnoll barely misses you. The gnoll completely misses you.
The orc barely misses you.
The gnoll hits you from afar with a +0 halberd!
You die...

#.#######..##.........#
#...................###
#.........>........##
##.....#g.........###
##...####..(.......#
#..## #go........#
###...# #ogo(......#
#.....# ##go[......##
##.....## #.@gg......#
#...<...###.s.......##
#..#........#.........#
#.....#.?..........#
#.....###........#.#
#.....# ###....###.#
##....# #........#
#...## #.####.).# #####
### #####


You could see a scorpion, an orc priest, an orc wizard (magic disrupted), 6
gnolls and 2 orcs.

Vanquished Creatures
  A black bear (D:4)
  A kobold brigand (D:4)
  Blork the orc (D:5)
  A scorpion (D:4)
  2 hounds (D:4)
  An iguana (D:5)
  Terence (D:2)
  4 gnolls
  5 adders
  A worm (D:2)
  15 orcs
  9 endoplasms
  5 giant cockroaches
  10 hobgoblins
  9 jackals
  14 kobolds
  3 quokkas
  8 ball pythons
  4 bats
  8 frilled lizards
  5 goblins
  10 rats
118 creatures vanquished.

Notes
Turn   | Place    | Note
-------+----------+-------------------------------------------
     0 | D:1      | IdlyInterested the Demonspawn Gladiator began the quest for
                  | the Orb.
     0 | D:1      | Reached XP level 1. HP: 16/16 MP: 1/1
   219 | D:1      | Gained mutation: You are surrounded by a mild repulsion
                  | field. (EV +2) [demonic ancestry]
   219 | D:1      | Reached XP level 2. HP: 23/23 MP: 2/2
   827 | D:1      | Gained mutation: You regenerate a little health from kills.
                  | [demonic ancestry]
   827 | D:1      | Reached XP level 3. HP: 28/28 MP: 1/3
  1125 | D:2      | Reached skill level 1 in Armour
  1345 | D:2      | Noticed Terence
  1367 | D:2      | Killed Terence
  1368 | D:2      | Reached skill level 1 in Evocations
  1368 | D:2      | Reached XP level 4. HP: 27/35 MP: 1/4
  1495 | D:2      | Found a faded altar of an unknown god.
  2549 | D:4      | Gained mutation: You regenerate health from kills. [demonic
                  | ancestry]
  2549 | D:4      | Reached XP level 5. HP: 42/42 MP: 5/5
  2609 | D:4      | Noticed a black bear
  2623 | D:4      | Killed a black bear
  2694 | D:4      | Gained mutation: You regenerate a lot of health from kills.
                  | [demonic ancestry]
  2694 | D:4      | Reached XP level 6. HP: 48/48 MP: 6/6
  2724 | D:4      | Found a bloodstained altar of Trog.
  3361 | D:5      | Entered Level 5 of the Dungeon
  3361 | D:5      | Found an iron altar of Okawaru.
  3370 | D:5      | Gained mutation: You are surrounded by a moderate repulsion
                  | field. (EV +3) [demonic ancestry]
  3370 | D:5      | Reached XP level 7. HP: 37/55 MP: 7/7
  3459 | D:5      | Noticed Blork the orc
  3468 | D:5      | Killed Blork the orc
  3471 | D:5      | Mangled by a gnoll

Illustrated notes

Levels and vault maps discovered:
D:1:      psy_arrival_radial02, layout_basic
D:2:      layout_basic, hellmonk_ecumenical_altar_leap_of_faith, serial_glass,
          glass_columns_a, glass_columns_b, glass_columns_b, glass_columns_a,
          glass_columns_a, glass_columns_a, uniq_terence
D:3:      layout_basic
D:4:      layout_gridville, mainiacjoe_overflow_small_starburst,
          palyth_stone_intersect, lexackson_kobold_supper
D:5:      minmay_clustersquares, layout_cave_pods, lemuel_tele_altar,
          serial_column_ruins, column_ruins_open_tiny, column_ruins_open_small,
          column_ruins_open_tiny, column_ruins_columns_straight,
          column_ruins_columns_straight, uniq_blork_the_orc

Skill      XL: |  1  2  3  4  5  6  7 |
---------------+----------------------+-----
Throwing       | 2 |  2.0
Dodging        | 3 |  3.0
Fighting       | 3 4 |  4.8
Armour         | 1 2 3 4 |  4.0
Maces & Flails | 3 4 |  4.0
Evocations     | 1 2 |  2.0

Action                     |  1- 3 |  4- 6 |  7- 9 || total
---------------------------+-------+-------+-------++-------
  Melee: Flail             |    51 |   111 |       ||   162
         Mace              |    94 |    99 |    11 ||   204
         Punch             |     3 |     1 |       ||     4
  Throw: Stone             |     3 |     2 |     1 ||     6
         Dart              |       |       |     3 ||     3
    Use: Scroll            |     1 |     1 |     1 ||     3
         Potion            |       |       |     1 ||     1
   Stab: Sleeping          |     1 |       |       ||     1
 Armour: Leather armour    |    15 |       |       ||    15
         Chain mail        |    85 |   177 |    29 ||   291
  Dodge: Dodged            |    97 |   163 |    29 ||   289

Table legend: (Time is in decaauts)
 A = Elapsed time spent in this place.
 B = Non-inter-level travel time spent in this place.
 C = Inter-level travel time spent in this place.
 D = Time resting spent in this place.
 E = Time spent auto-exploring this place.
 F = Levels seen in this place.
 G = Mean time per level.
                   A        B        C        D        E       F      G
               +--------+--------+--------+--------+--------+-----+--------+
         Total |   3554 |   3411 |    143 |    232 |   2064 |   5 |  710.8 |
       Dungeon |   3554 |   3411 |    143 |    232 |   2064 |   5 |  710.8 |
               +--------+--------+--------+--------+--------+-----+--------+

Top non-repeatable levels by time:
     D:1: 932 daAuts
     D:2: 914 daAuts
     D:4: 863 daAuts
     D:3: 751 daAuts
     D:5: 93 daAuts
